 Dungeon Sprint DCSS version 0.26.1-12-g5ba1501909 (webtiles) character file.

Game seed: 14293726554344085054

1100000 coldcut the Slayer (level 13, -1/135 HPs)
             Began as a Demonspawn Abyssal Knight on Nov 3, 2021.
             Was a Follower of Lugonu.
             Slain by a meat berserker
             ... wielding a +9 battleaxe
              (14 damage)
             ... while paralysed
             ... in the Dungeon (Sprint VIII: "Arena of Blood").
             The game lasted 00:01:08 (11 turns).

coldcut the Slayer (Demonspawn Abyssal Knight)        Turns: 11, Time: 00:01:09

Health: -1/135     AC:  4    Str: 14    XL:     13   Next: 0%
Magic:  2/24       EV:  2    Int: 16    God:    Lugonu [*.....]
Gold:   0          SH:  0    Dex: 14    Spells: 12/12 levels left

rFire    . . .     SeeInvis .   i - +∞ Axe of Woe
rCold    . . .     Faith    .   (shield currently unavailable)
rNeg     . . .     Spirit   .   b - +0 leather armour
rPois    .         Reflect  .   (helmet restricted)
rElec    .         Harm     .   (no cloak)
rCorr    .         Rampage  .   (no gloves)
Will     .....     NoTele   +   (boots unavailable)
Stlth    +.........             (no amulet)
HPRegen  0.32/turn              (no ring)
MPRegen  0.19/turn              (no ring)

@: paralysed, berserk cooldown, slowed
A: antennae 1, claws 2, hooves 3, miasma immunity
a: Renounce Religion


You were in the Dungeon.
You worshipped Lugonu.
Lugonu was aware of your devotion.
You visited 1 branch

Inventory:

Hand Weapons
 a - a +1 falchion
 i - the +∞ Axe of Woe (weapon)
   (You found it in the Dungeon)
Armour
 b - a +0 leather armour (worn)
Scrolls
 h - a scroll of blinking
Potions
 c - a potion of curing
 d - a potion of heal wounds
 e - a potion of haste
 f - 2 potions of magic


   Skills:
 + Level 23.5 Fighting
 + Level 12.2 Long Blades
 + Level 5.5 Axes
 + Level 12.2 Armour
 + Level 3.2 Dodging
 + Level 14.8 Invocations


You had 12 spell levels left.
You didn't know any spells.
Your spell library was empty.

Dungeon Overview and Level Annotations

Branches:
Dungeon (1/1)

Altars:
Makhleb


Innate Abilities, Weirdness & Mutations

You have a pair of small antennae on your head.
You have very sharp fingernails.
You have hooves in place of feet.
You are immune to miasma.


Message History

A bag of meat comes into view. It is wielding a +9 war axe.
You are no longer berserk.
You pass out from exhaustion.
You feel yourself slow down.
The bag of meat shouts!
You hear a shout! x3
The bag of meat appears out of thin air!
A bag of meat comes into view. It is wielding a +9 war axe.
The bag of meat shouts!
You hear a shout! x2
The meat berserker rages.
You hear a shout! x4
The meat berserker hits you with a +9 battleaxe!!!
You hear a shout!
The bag of meat hits you with a +9 war axe!
You hear a shout! x3
The meat berserker hits you with a +9 battleaxe!!!
* * * LOW HITPOINT WARNING * * *
You hear a shout! x3
You hear a shout! x2
The meat berserker hits you with a +9 battleaxe!
You die...

...........
...........
.........
#.......# . #....
..# . ...###...
..###..
........###.......
#.....o@OO.)o.....
......#.O...#o....
....o #_.<._# ...
.... #.....# . #..
...o._.....
........###......
. .###... ..###.
#... ..# #. ..#


You could see 3 meat berserkers and 5 bags of meat.

Vanquished Creatures
  An ogre (D)
1 creature vanquished.

Notes
Turn   | Place    | Note
-------+----------+-------------------------------------------
     0 | D        | Found the +∞ Axe of Woe
     0 | D        | coldcut the Demonspawn Abyssal Knight began the quest for
                  | the Orb.
     0 | D        | Reached XP level 1. HP: 18/18 MP: 2/2
     3 | D        | Noticed a meat berserker
     3 | D        | Noticed a meat berserker
     3 | D        | Noticed a bag of meat
     4 | D        | Noticed a meat berserker
     5 | D        | Killed a meat berserker
     6 | D        | Reached skill level 23 in Fighting
     6 | D        | Reached skill level 5 in Axes
     6 | D        | Gained mutation: You have large cloven feet. [demonic
                  | ancestry]
     6 | D        | Reached XP level 2. HP: 57/57 MP: 2/10
     6 | D        | Reached XP level 3. HP: 64/64 MP: 2/11
     6 | D        | Gained mutation: You have sharp fingernails. [demonic
                  | ancestry]
     6 | D        | Reached XP level 4. HP: 71/71 MP: 2/13
     6 | D        | Reached XP level 5. HP: 78/78 MP: 2/14
     6 | D        | Gained mutation: You have hoof-like feet. [demonic
                  | ancestry]
     6 | D        | Reached XP level 6. HP: 86/86 MP: 2/16
     6 | D        | Gained mutation: You have a pair of small antennae on your
                  | head. [demonic ancestry]
     6 | D        | Reached XP level 7. HP: 92/92 MP: 2/17
     6 | D        | Gained mutation: You have hooves in place of feet. [demonic
                  | ancestry]
     6 | D        | Reached XP level 8. HP: 100/100 MP: 2/19
     6 | D        | Reached XP level 9. HP: 107/107 MP: 2/20
     6 | D        | Reached XP level 10. HP: 114/114 MP: 2/21
     6 | D        | Gained mutation: You have very sharp fingernails. [demonic
                  | ancestry]
     6 | D        | Reached XP level 11. HP: 121/121 MP: 2/22
     6 | D        | Reached XP level 12. HP: 129/129 MP: 2/23
     6 | D        | Gained mutation: You are immune to miasma. [demonic
                  | ancestry]
     6 | D        | Reached XP level 13. HP: 135/135 MP: 2/24
     7 | D        | Noticed a bag of meat
     7 | D        | Noticed a meat berserker
     8 | D        | Noticed a bag of meat
     9 | D        | Noticed a bag of meat
     9 | D        | Noticed a bag of meat
    11 | D        | Slain by a meat berserker

Illustrated notes

Levels and vault maps discovered:
D:        meatsprint

Skill      XL: |  1 |
---------------+----+-----
Fighting       | 23 | 23.5
Long Blades    | 12 | 12.2
Axes           | 5 |  5.5
Armour         | 12 | 12.2
Dodging        | 3 |  3.2
Invocations    | 14 | 14.8

Action                   |  1- 3 |  4- 6 |  7- 9 | 10-12 | 13-15 || total
-------------------------+-------+-------+-------+-------+-------++-------
Melee: Executioner's axe |     1 |       |       |       |       ||     1
  Use: Potion            |     1 |       |       |       |       ||     1
